 Dungeon Crawl Stone Soup version 0.20-a0-77-g476458c (webtiles) character file.

71 KristoblXynda the Charmwright (level 4, 0/54 HPs)
             Began as a Draconian Skald on Nov 19, 2016.
             Was an Initiate of Nemelex Xobeh.
             Slain by a river rat (5 damage)
             ... on level 3 of the Dungeon.
             The game lasted 00:03:05 (2150 turns).

KristoblXynda the Charmwright (Draconian Skald)     Turns: 2150, Time: 00:03:06

Health: 0/54       AC: 22    Str: 10    XL:     4   Next: 5%
Magic:  0/6        EV:  2    Int: 18    God:    Nemelex Xobeh [......]
Gold:   108        SH:  0    Dex: 11    Spells: 0 memorised, 7 levels left

rFire  . . .     SeeInvis .     a - +0 hand axe
rCold  . . .     Gourm    .     (armour unavailable)
rNeg   + + +     Faith    .     (no shield)
rPois  +         Spirit   +     (helmet currently unavailable)
rElec  .         Reflect  .     (cloak currently unavailable)
rCorr  .         Harm     .     (gloves currently unavailable)
MR     .....     NoTele   +     (boots currently unavailable)
Stlth  +.........               n - amulet of guardian spirit
                                (no ring)
                                q - ring of wizardry

@: brilliant, tree-form
A: unfitting armour, low mp 1, weak 2, (cold-blooded), AC +5
a: Renounce Religion


You were on level 3 of the Dungeon.
You worshipped Nemelex Xobeh.
Nemelex Xobeh was noncommittal.
You were very hungry.
You were a tree.
You visited 1 branch of the dungeon, and saw 3 of its levels.

You collected 108 gold pieces.

Inventory:

Hand Weapons
 a - a +0 hand axe (weapon)
Jewellery
 d - a cursed amulet of inaccuracy {unknown}
 n - an amulet of guardian spirit (around neck)
 q - a ring of wizardry (left branch)
Scrolls
 e - a scroll of identify
 i - 2 scrolls of amnesia
 j - a scroll of enchant armour {unknown}
 m - 2 scrolls of remove curse {unknown}
 o - a scroll of teleportation {unknown}
 r - a scroll of blinking {unknown}
Potions
 h - a potion of brilliance
Books
 b - a book of Battle

   Spells                             Type                      Level
   a - Infusion                       Charms                       1
   b - Shroud of Golubria             Charms/Translocation         2
   c - Song of Slaying                Charms                       2
   d - Spectral Weapon                Hexes/Charms                 3
   e - Regeneration                   Charms/Necromancy            3
 p - a book of Maledictions

   Spells                             Type                      Level
   a - Corona                         Hexes                        1
   b - Ensorcelled Hibernation        Hexes/Ice                    2
   c - Confuse                        Hexes                        3
   d - Tukima's Dance                 Hexes                        3
   e - Dazzling Spray                 Conjuration/Hexes            3
Miscellaneous
 l - a plain deck of destruction
Comestibles
 c - 2 bread rations
 t - 3 fruits
 v - a royal jelly


   Skills:
 - Level 2.1 Fighting
 + Level 3.0 Axes
 + Level 2.4 Dodging
 - Level 2.0 Spellcasting
   Level 3.3 Charms


You had 7 spell levels left.
You didn't know any spells.

Dungeon Overview and Level Annotations

Branches:
Dungeon (3/15)

Altars:
Nemelex Xobeh


Innate Abilities, Weirdness & Mutations

((Your plain brown scales are hard. (AC +5)))
You cannot fit into any form of body armour.
((You are cold-blooded and may be slowed by cold attacks.))
Your magical capacity is low. (-10% MP)
You are very weak. (Str -4)


Message History

A river rat comes into view.
The river rat bites you! The river rat misses you.
The river rat barely misses you. The river rat bites you.
You hit the river rat.
The river rat is lightly wounded.
The river rat closely misses you.
It was a potion of mutation.
You feel extremely strange.
You feel less energetic.
You feel weaker. x2
The river rat closely misses you.
Unknown command.
The river rat bites you.
* * * LOW HITPOINT WARNING * * *
It was a potion of brilliance.
You feel clever all of a sudden. The river rat bites you.
* * * LOW HITPOINT WARNING * * *
It was a potion of lignification.
You turn into a tree.
Your roots penetrate the ground.
The river rat bites you.
You die...
Your body disappears without a glow.

*********,**≈###*##≈##....)..#.#
,,,,,,,,+>*≈≈≈≈≈≈#≈≈≈#.......#.#
*********,*≈≈≈*≈≈#≈≈≈#..######.#
*,,,,**≈**≈≈##≈##..# #.#
*,**,,*≈*≈≈≈≈#≈#.(.# #.# *
*,**,,*≈*≈∩≈≈#≈##.## #.# *
*,***##≈**≈≈##≈##.#######.# *
*,***#≈≈≈####≈≈≈#......|..# *
*,,,,#≈≈≈≈≈♣r≈≈≈########### *
****,##≈######≈## * *,**** ### *
*,* * *,* * *,* * *,* * *,* *
*,*


You could see a river rat.

Vanquished Creatures
  2 adders
  An ooze (D:1)
  2 dart slugs (D:2)
  2 leopard geckos (D:2)
  An orc (D:3)
  2 giant cockroaches (D:2)
  6 goblins
  2 hobgoblins (D:1)
  5 kobolds
  6 bats
  3 frilled lizards
  12 rats
44 creatures vanquished.

Notes
Turn   | Place    | Note
-------+----------+-------------------------------------------
     0 | D:1      | KristoblXynda the Draconian Skald began the quest for the Orb.
     0 | D:1      | Reached XP level 1. HP: 17/17 MP: 3/3
   194 | D:1      | Reached XP level 2. HP: 23/24 MP: 5/5
   903 | D:1      | Found a sparkling altar of Nemelex Xobeh.
   981 | D:1      | Became a worshipper of Nemelex Xobeh the Trickster
  1144 | D:2      | Received a gift from Nemelex Xobeh
  1157 | D:2      | Reached XP level 3. HP: 27/29 MP: 6/6
  2132 | D:3      | Reached XP level 4. HP: 17/36 MP: 1/7
  2147 | D:3      | Gained mutation: Your magical capacity is low. (-10% MP) [potion of mutation]
  2147 | D:3      | Gained mutation: You are weak. (Str -2) [potion of mutation]
  2147 | D:3      | Gained mutation: You are very weak. (Str -4) [potion of mutation]
  2150 | D:3      | Slain by a river rat

Vault maps used:
D:1:      elethiomel_arrival_diamonds, nemelex_xobeh_ov_fountains_minmay
D:3:      gup_sewer_entry_bubbles, lemuel_statue_altar

Skill      XL: |  1  2  3 |
---------------+----------+-----
Charms         | 3 |  3.3
Dodging        | 2 |  2.4
Axes           | 3 |  3.0
Fighting       | |  2.1
Spellcasting   | |  2.0

Action                   |  1- 3 |  4- 6 || total
-------------------------+-------+-------++-------
Melee: Hand axe          |   166 |     2 ||   168
       Tailslap          |    16 |       ||    16
  Use: Scroll            |     4 |       ||     4
       Potion            |     1 |     3 ||     4
 Stab: Sleeping          |     2 |       ||     2
  Eat: Chunk             |     3 |       ||     3
Armor: Skin              |    56 |       ||    56
Dodge: Dodged            |   144 |     5 ||   149
